 Dungeon Crawl Stone Soup version 0.29-a0-352-g0917bc69df (webtiles) character file.

Game seed: 1535612381478120043

106116 Ijustatesigmund the Eclecticist (level 15, -6/92 HPs)
             Began as a Deep Elf Conjurer on Apr 23, 2022.
             Was a High Priest of Vehumet.
             Mangled by a swamp dragon (12 damage)
             ... on level 3 of the Swamp.
             The game lasted 02:36:59 (35288 turns).

Ijustatesigmund the Eclecticist (DECj)             Turns: 35288, Time: 02:37:00

Health: -6/92      AC: 18    Str:  4    XL:     15   Next: 96%
Magic:  21/37      EV: 12    Int: 31    God:    Vehumet [*****.]
Gold:   1676       SH: 12    Dex: 16    Spells: 9/47 levels left

rFire   + . .      SeeInvis .   w - +1 hand crossbow (freeze)
rCold   + . .      Faith    .   q - +2 kite shield
rNeg    + . .      Spirit   .   U - +1 troll leather armour
rPois   +          Reflect  .   R - -2 hat of the Alchemist {rElec rPois rF+ rC+ rN+ Will+ rMut rCorr}
rElec   +          Harm     .   z - +2 cloak of Polish {rPois Regen+}
rCorr   +          Rampage  .   p - +2 pair of gloves {Dex+3}
rMut    +          Clarity  +   T - +0 pair of boots
Will    ++...                   O - amulet of regeneration
Stlth   ++++......              Q - +4 ring of protection
HPRegen 2.65/turn               a - +4 ring of protection
MPRegen 0.25/turn

@: lethally poisoned (-6 -> -6), about to teleport
A: clarity, robust 1
a: Renounce Religion


You were on level 3 of the Swamp.
You worshipped Vehumet.
Vehumet was extremely pleased with you.
You visited 5 branches of the dungeon, and saw 25 of its levels.
You also visited: Sewer, Bailey and Gauntlet.

You collected 2743 gold pieces.
You spent 1067 gold pieces at shops.

Inventory:

Hand Weapons
 w - a +1 hand crossbow of freezing (weapon)
Missiles
 X - 6 silver javelins
Armour
 p - a +2 pair of gloves of dexterity (worn)
 q - a +2 kite shield (worn)
 z - the +2 cloak of Polish (worn) {rPois Regen+}
   (You acquired it on level 10 of the Dungeon)

   rPois:     It protects you from poison.
   Regen:     It increases your rate of health regeneration.
 R - the -2 hat of the Alchemist (worn) {rElec rPois rF+ rC+ rN+ Will+ rMut rCorr}
   (You found it in a Gauntlet)

   rF:        It protects you from fire.
   rC:        It protects you from cold.
   rElec:     It insulates you from electricity.
   rPois:     It protects you from poison.
   rN:        It protects you from negative energy.
   rCorr:     It protects you from acid and corrosion.
   rMut:      It protects you from mutation.
   Will:      It increases your willpower.
 T - a +0 pair of boots (worn)
 U - a +1 troll leather armour (worn)
Magical Staves
 F - a staff of conjuration
 K - a staff of death
Jewellery
 a - a +4 ring of protection (right hand)
 l - a ring of protection from fire
 r - the ring "Voleck" {rPois rC+ rN+}
   (You found it on level 3 of the Dungeon)

   [ring of poison resistance]

   rC:        It protects you from cold.
   rPois:     It protects you from poison.
   rN:        It protects you from negative energy.
 t - a ring of positive energy
 O - an amulet of regeneration (around neck)
 Q - a +4 ring of protection (left hand)
 S - the ring of Wagecis {rF+ Str+2 Int+4 Dex-2 Stlth+}
   (You bought it in a shop on level 13 of the Dungeon)

   [ring of protection from fire]

   Str:       It affects your strength (+2).
   Int:       It affects your intelligence (+4).
   Dex:       It affects your dexterity (-2).
   rF:        It protects you from fire.
   Stlth:     It makes you more stealthy.
 Y - a ring of see invisible
Wands
 f - a wand of acid (12)
 y - a wand of iceblast (5)
 B - a wand of digging (9)
 C - a wand of flame (61)
 J - a wand of charming (5)
 L - a wand of polymorph (11)
 Z - a wand of paralysis (13)
Scrolls
 c - 3 scrolls of silence
 e - 6 scrolls of immolation
 n - 3 scrolls of identify
 u - 5 scrolls of blinking
 v - 5 scrolls of fog
 A - 12 scrolls of teleportation
 D - 2 scrolls of summoning
 E - 2 scrolls of amnesia
 H - 3 scrolls of fear
 M - 3 scrolls of brand weapon
 N - 2 scrolls of holy word
 V - 2 scrolls of magic mapping
Potions
 b - a potion of magic
 d - 5 potions of lignification
 g - 4 potions of mutation
 h - 3 potions of heal wounds
 i - 6 potions of flight
 j - 3 potions of invisibility
 k - 10 potions of brilliance
 m - 14 potions of curing
 o - 11 potions of ambrosia
 s - a potion of berserk rage
 x - 5 potions of haste
 G - 3 potions of might
 I - 2 potions of resistance
 P - 2 potions of cancellation
Miscellaneous
 W - a box of beasts


   Skills:
 - Level 6.3 Fighting
 - Level 2.2 Crossbows
 - Level 2.8 Armour
 - Level 6.4 Dodging
 + Level 8.8 Stealth
 - Level 5.0 Shields
 - Level 16.8 Spellcasting
 - Level 10.1 Conjurations
 - Level 6.4 Hexes
 - Level 13.7 Necromancy
 - Level 6.4 Translocations
 - Level 4.5 Transmutations
 - Level 9.5 Fire Magic
 - Level 12.8 Earth Magic
 - Level 4.5 Poison Magic
 - Level 4.0 Evocations


You had 9 spell levels left.
You knew the following spells:

 Your Spells              Type           Power      Damage    Failure   Level
a - Magic Dart            Conj           100%       1d8       1%          1
b - Searing Ray           Conj           100%       2d8       1%          2
c - Blink                 Tloc           100%       N/A       1%          2
d - Inner Flame           Hex/Fire       66%        N/A       1%          3
e - Stone Arrow           Conj/Erth      100%       3d13      1%          3
f - Ignite Poison         Fire/Tmut/Pois 59%        N/A       1%          3
g - Flame Wave            Conj/Fire      72%        2d13      1%          4
h - Iskenderun's Battles  Conj           73%        2d12      1%          5
i - Fireball              Conj/Fire      36%        3d15      1%          5
j - Borgnjor's Vile Clut  Necr/Erth      41%        N/A       1%          5
k - Lee's Rapid Deconstr  Erth           40%        3d21*     1%          5

Your spell library contained the following spells:

 Spells                   Type           Power      Damage    Failure   Level
 Freezing Cloud           Conj/Ice/Air   23%        6-21      14%         5
 Beastly Appendage        Tmut           100%       N/A       1%          1
 Slow                     Hex            100%       N/A       1%          1
 Corpse Rot               Necr/Air       100%       N/A       1%          2
 Passwall                 Tmut/Erth      56%        N/A       1%          2
 Sublimation of Blood     Necr           84%        N/A       1%          2
 Wereblood                Tmut           53%        N/A       1%          2
 Confusing Touch          Hex            60%        N/A       1%          3
 Dazzling Flash           Conj/Hex       100%       N/A       1%          3
 Lesser Beckoning         Tloc           60%        N/A       1%          3
 Mephitic Cloud           Conj/Pois/Air  54%        N/A       1%          3
 Vampiric Draining        Necr           84%        2d12      1%          3
 Animate Dead             Necr           42%        N/A       1%          4
 Dispel Undead            Necr           84%        3d27      1%          4
 Fulminant Prism          Conj/Hex       33%        3d16      1%          4
 Iskenderun's Mystic Bla  Conj/Tloc      67%        2d14      1%          4
 Leda's Liquefaction      Hex/Erth       36%        N/A       1%          4
 Agony                    Necr           84%        N/A       1%          5
 Hailstorm                Conj/Ice       55%        3d12      2%          4
 Death Channel            Necr           42%        N/A       4%          6
 Animate Armour           Summ/Erth      100%       N/A       5%          4
 Yara's Violent Unravell  Hex/Tmut       28%        3d12      6%          5
 Call Imp                 Summ           26%        N/A       12%         2
 Manifold Assault         Tloc           60%        N/A       16%         5
 Orb of Destruction       Conj           36%        9d11      26%         7
 Ice Form                 Ice/Tmut       40%        N/A       30%         4
 Statue Form              Tmut/Erth      45%        N/A       34%         6
 Conjure Ball Lightning   Conj/Air       27%        3x3d8     36%         6
 Silence                  Hex/Air        23%        N/A       50%         5
 Simulacrum               Ice/Necr       31%        N/A       56%         6
 Dragon Form              Tmut           26%        N/A       100%        7
 Summon Hydra             Summ           13%        N/A       100%        7


Dungeon Overview and Level Annotations

Branches:
Dungeon (13/15)            Temple (1/1) D:4            Lair (6/6) D:9
  Swamp (3/4) Lair:2        Snake (0/4) Lair:3        Slime (0/5) Lair:5
    Orc (2/2) D:10            Elf (0/3) Orc:2        Vaults (0/5) D:13
  Sewer (visited)          Bailey (visited)         Gauntlet (visited)

Altars:
Ashenzari
Cheibriados
Dithmenos
Elyvilon
Fedhas
Gozag
Hepliaklqana
Kikubaaqudgha
Makhleb
Nemelex Xobeh
Okawaru
Qazlal
Ru
Sif Muna
Trog
Uskayaw
Vehumet
Wu Jian
Xom
Yredelemnul
Zin
The Shining One
Beogh

Shops:
D:4 *   D:10 ?   D:11 (   D:13 *=   Orc:2 ![(*


Innate Abilities, Weirdness & Mutations

You possess an exceptional clarity of mind.
You are robust. (+10% HP)


Message History

The swamp worm fires a harpoon shot at you.
The harpoon shot hits you!
You are yanked forward by the harpoon shot.
Splash!
You fall into the shallow water.
Moving in this stuff is going to be slow.
The goliath frog hits you but does no damage.
Found a stone staircase leading down.
Casting: Blink (safe; 1% risk of failure)
Confirm with . or Enter, or press ? or * to list all spells.
You blink.
A swamp dragon comes into view.
Found a stone staircase leading down.
The swamp dragon breathes poison at you.
The blast of poison engulfs you but does no damage.
You are poisoned.
You resist.
As you read the scroll of teleportation, it crumbles to dust.
You feel strangely unstable.
You feel very sick.
Casting: Blink (safe; 1% risk of failure)
Confirm with . or Enter, or press ? or * to list all spells.
You blink.
You feel sick. The swamp worm bites you.
The swamp worm attacks as you move away!
The swamp worm bites you!!
* * * LOW HITPOINT WARNING * * *
You feel sick.
The swamp worm fires a harpoon shot at you.
The harpoon shot misses you. The goliath frog closely misses you.
The spriggan splashes around in the water.
The swamp worm fires a harpoon shot at you.
The harpoon shot hits you!
* * * LOW HITPOINT WARNING * * *
You are yanked forward by the harpoon shot.
You feel much better.
You feel sick.
The goliath frog hits you but does no damage.
The swamp dragon bites you!!
* * * LOW HITPOINT WARNING * * *
The swamp dragon misses you. The swamp dragon tramples you!
You die...

♣.≈)≈♣ .≈......≈≈.$≈....
♣.♣.. ♣♣♣♣..≈≈.....>≈≈≈≈≈
♣.≈≈.
♣♣≈≈≈.≈≈.≈.?≈≈≈≈....
♣≈≈≈♣♣...).≈≈≈≈≈..≈...≈≈.
♣...*≈.≈≈..≈≈≈≈≈iw≈≈≈..≈≈
♣♣.≈≈≈♣♣♣♣..≈≈.♣≈≈≈○..≈≈.
♣..≈≈.♣
♣...≈F≈≈≈≈≈..♣.≈≈≈♣≈ ♣.
♣..♣ ♣..≈ ≈≈♣♣.≈§≈♣ ♣
♣♣.♣♣ ♣≈≈.>.. ..≈.♣ ♣.≈.♣
♣. ♣♣≈♣♣


You could see an eight-headed hydra, 2 swamp dragons, a tyrant leech, a spriggan
druid, a goliath frog, a swamp worm (strong) and 2 spriggans.

Vanquished Creatures
  Nikola (Swamp:1)
  Roxanne (Swamp:1)
  A broodmother (Swamp:1)
  An eleionoma (Swamp:2)
  A minotaur (Gauntlet)
  5 dire elephants
  The ghost of MashaM the Severer, a journeyman MiFi of Jiyva (Orc:2)
  A bunyip (Swamp:1)
  Josephine (Lair:4)
  Fannar (Lair:1)
  A boulder beetle (D:13)
  6 hydras
  A death knight (D:13)
  2 catoblepae
  3 ghost crabs
  A death yak (Lair:6)
  A centaur warrior (D:13)
  3 dancing weapons
  4 alligators
  A tengu warrior (D:12)
  4 two-headed ogres
  3 orc high priests (Orc:2)
  Sonja (Orc:2)
  Urug (Lair:1)
  A spectral anaconda (Lair:6)
  3 spectral death yaks (Lair:6)
  2 skeletal warriors (D:12)
  6 goliath frogs
  A spriggan druid (Swamp:3)
  An obsidian statue (Lair:6)
  5 orc knights
  8 wizards (D:13)
  A bog body (Swamp:1)
  A phantasmal warrior (D:13)
  A lindwurm (Lair:5)
  4 necromancers (Lair:6)
  7 orc sorcerers
  3 deep elf pyromancers
  2 will-o-the-wisps (Swamp:1)
  Maurice (Orc:2)
  A moth of wrath (Gauntlet)
  2 manticores
  24 elephants
  3 black mambas
  3 torpor snails
  A dire elephant zombie (Lair:6)
  A kobold demonologist (D:13)
  A gargoyle (D:13)
  15 cane toads
  Maggie (D:6)
  9 komodo dragons
  An unseen horror (D:12)
  8 rime drakes
  2 freezing wraiths (D:13)
  3 polar bears
  11 trolls
  4 tyrant leeches (Swamp:1)
  A bloated husk (Swamp:2)
  5 hornets
  A queen bee (D:10)
  Grinder (D:5)
  9 blink frogs
  5 slime creatures (D:13)
  7 dream sheep
  6 spriggans
  6 wraiths
  2 shadows
  A wyvern (Lair:2)
  46 yaks
  Eustachio (D:5)
  2 basilisks
  Grum (D:10)
  A steam dragon (D:9)
  4 wargs
  Menkaure (D:6)
  2 spectral cane toads (Lair:6)
  5 vampire mosquitoes
  7 swamp worms
  An acid dragon (D:6)
  10 water moccasins
  Duvessa (D:5)
  20 orc warriors
  5 black bears
  3 swamp drakes
  2 ice beasts (D:6)
  2 sky beasts
  10 ogres
  28 wolves
  2 elephant skeletons (Lair:6)
  2 centaurs
  10 kobold brigands
  10 bullfrogs
  5 scorpions
  2 gnoll sergeants (D:10)
  2 necrophages
  Dowan (D:5)
  38 killer bees
  2 elephant simulacra (Lair:6)
  7 howler monkeys
  An electric eel (D:9)
  A crimson imp (Orc:1)
  17 orc priests
  2 gnoll shamans
  14 jellies
  An iron imp (Orc:1)
  20 orc wizards
  3 iguanas
  Ijyb (D:5)
  A hell rat (Lair:3)
  A merfolk siren (Sewer)
  A merfolk avatar (Sewer)
  13 gnolls
  2 adders
  2 river rats (Sewer)
  4 shadow imps
  3 white imps
  3 ufetubi
  A worm (D:5)
  2 dart slugs
  60 orcs
  11 ball pythons
  7 bats
  8 endoplasms
  6 giant cockroaches
  14 goblins
  3 hobgoblins
  7 jackals
  25 kobolds
  5 quokkas
  7 frilled lizards
  28 rats
  A bush (Lair:6)
735 creatures vanquished.

Vanquished Creatures (others)
  A bloated husk (Swamp:2)
  A tyrant leech (Swamp:2)
  3 vampire mosquitoes (Swamp:2)
  6 foxfires (Swamp:1)
  73 fungi
  67 plants
  6 toadstools (Lair:3)
  28 withered plants (Lair:6)
185 creatures vanquished.

Grand Total: 920 creatures vanquished

Notes
Turn   | Place    | Note
-------+----------+-------------------------------------------
     0 | D:1      | Ijustatesigmund the Deep Elf Conjurer began the quest for
                  | the Orb.
     0 | D:1      | Reached XP level 1. HP: 10/10 MP: 6/6
   126 | D:1      | Reached XP level 2. HP: 15/15 MP: 6/8
   292 | D:1      | Learned a level 2 spell: Searing Ray
   557 | D:1      | Reached XP level 3. HP: 19/19 MP: 8/10
   732 | D:1      | Reached skill level 4 in Spellcasting
   841 | D:2      | Found a faded altar of an unknown god.
   963 | D:2      | Reached skill level 5 in Conjurations
  1291 | D:2      | Found a sacrificial altar of Ru.
  1949 | D:3      | Reached XP level 4. HP: 24/24 MP: 7/12
  2028 | D:3      | Noticed an ogre
  2033 | D:3      | Killed an ogre
  2034 | D:3      | Reached skill level 5 in Spellcasting
  2034 | D:3      | Reached XP level 5. HP: 16/28 MP: 7/14
  2260 | D:3      | Learned a level 2 spell: Blink
  2405 | D:3      | Identified the ring "Voleck" {rPois rC+ rN+}
  2752 | D:4      | Reached skill level 1 in Translocations
  2841 | D:4      | Noticed a black bear
  2848 | D:4      | Killed a black bear
  2849 | D:4      | Reached skill level 6 in Spellcasting
  2849 | D:4      | Reached XP level 6. HP: 25/32 MP: 7/17
  2955 | D:4      | Found Epetzei's Gadget Gallery.
  3151 | D:4      | Found a staircase to the Ecumenical Temple.
  3188 | Temple   | Entered the Ecumenical Temple
  3401 | Temple   | Became a worshipper of Vehumet
  4066 | D:5      | Entered Level 5 of the Dungeon
  4310 | D:5      | Noticed Duvessa
  4312 | D:5      | Noticed Dowan
  4431 | D:5      | Killed Duvessa
  4432 | D:5      | Reached XP level 7. HP: 31/36 MP: 8/19
  4471 | D:5      | Found a glowing drain.
  4475 | Sewer    | Entered a sewer
  4675 | Sewer    | Reached skill level 7 in Spellcasting
  4743 | Sewer    | Reached * piety under Vehumet
  4743 | Sewer    | Offered knowledge of Freeze by Vehumet.
  5632 | D:5      | Noticed Grinder
  5644 | D:5      | Killed Grinder
  5823 | D:5      | Noticed Eustachio
  5835 | D:5      | Killed Eustachio
  5836 | D:5      | Reached XP level 8. HP: 41/41 MP: 16/21
  5892 | D:5      | Noticed Ijyb
  5899 | D:5      | Killed Ijyb
  5953 | D:5      | Killed Dowan
  5954 | D:5      | Reached skill level 1 in Fighting
  6231 | D:6      | Noticed Maggie
  6244 | D:6      | Killed Maggie
  6245 | D:6      | Reached skill level 8 in Spellcasting
  6283 | D:6      | Identified the +1 robe "Olacole" {Rampage rPois Str+6}
  6376 | D:6      | Offered knowledge of Shock by Vehumet.
  6377 | D:6      | Reached skill level 9 in Spellcasting
  6539 | D:6      | Reached ** piety under Vehumet
  6767 | D:6      | Reached XP level 9. HP: 25/48 MP: 20/24
  6940 | D:6      | Noticed Menkaure
  6979 | D:6      | Killed Menkaure
  6983 | D:6      | Reached skill level 10 in Spellcasting
  8166 | D:7      | Got the Compendium of Perfectionism
  8450 | D:7      | Reached skill level 11 in Spellcasting
  8450 | D:7      | Reached skill level 10 in Conjurations
  8501 | D:7      | Offered knowledge of Inner Flame by Vehumet.
  8670 | D:7      | Learned a level 3 spell: Inner Flame
  8725 | D:8      | Reached skill level 1 in Hexes
  8725 | D:8      | Reached skill level 1 in Fire Magic
  8929 | D:8      | Identified the +8 hand axe of the Protecting Gods {venom,
                  | Will+ Str+3 Int+3}
  9024 | D:8      | Reached *** piety under Vehumet
  9145 | D:8      | Noticed a troll
  9463 | D:8      | Killed a troll
  9464 | D:8      | Reached skill level 5 in Hexes
  9464 | D:8      | Reached XP level 10. HP: 17/53 MP: 18/27
 10035 | D:8      | Reached skill level 5 in Fire Magic
 10628 | D:9      | Offered knowledge of Stone Arrow by Vehumet.
 10632 | D:9      | Noticed a two-headed ogre
 10853 | D:9      | Learned a level 3 spell: Stone Arrow
 10876 | D:9      | Reached skill level 1 in Earth Magic
 11147 | D:9      | Reached skill level 5 in Earth Magic
 11398 | D:9      | Found a sparkling altar of Nemelex Xobeh.
 11754 | D:9      | Killed a two-headed ogre
 11948 | D:9      | Found a staircase to the Lair.
 11995 | D:9      | Reached XP level 11. HP: 56/57 MP: 19/28
 12057 | D:9      | Reached skill level 1 in Shields
 12769 | D:10     | Entered Level 10 of the Dungeon
 12770 | D:10     | Identified a scroll of acquirement
 12789 | D:10     | Acquired the +2 cloak of Polish {rPois Regen+}
 12860 | D:10     | Reached skill level 5 in Stealth
 12890 | D:10     | Reached **** piety under Vehumet
 12901 | D:10     | Found a flagged portal.
 12909 | Bailey   | Entered a bailey
 12951 | Bailey   | Offered knowledge of Ignite Poison by Vehumet.
 13023 | Bailey   | Found the +10 Black Knight's barding {ponderous, rPois rN+}
 13118 | Bailey   | Noticed an orc knight
 13137 | Bailey   | Killed an orc knight
 13229 | Bailey   | Identified the +1 robe of Guacrope {Rampage Int+4}
 13296 | Bailey   | Found a bloodstained altar of Trog.
 13360 | D:10     | Noticed Grum
 13366 | D:10     | Killed Grum
 13487 | D:10     | Reached skill level 5 in Translocations
 13503 | D:10     | Reached ***** piety under Vehumet
 13646 | D:10     | Found a sparkling altar of Nemelex Xobeh.
 13764 | D:10     | Learned a level 3 spell: Ignite Poison
 13913 | D:10     | Offered knowledge of Flame Wave by Vehumet.
 13915 | D:10     | Reached skill level 1 in Transmutations
 13915 | D:10     | Reached skill level 1 in Poison Magic
 14059 | D:10     | Learned a level 4 spell: Flame Wave
 14414 | D:10     | Noticed a two-headed ogre
 14420 | D:10     | Killed a two-headed ogre
 14612 | D:10     | Found a staircase to the Orcish Mines.
 15048 | D:10     | Reached skill level 12 in Spellcasting
 15168 | D:10     | Found Mesips's Magic Scroll Emporium.
 15189 | D:10     | Bought a scroll of fog for 20 gold pieces
 15189 | D:10     | Bought a scroll of fog for 20 gold pieces
 15189 | D:10     | Bought a scroll of teleportation for 30 gold pieces
 15189 | D:10     | Bought a scroll of fog for 20 gold pieces
 15298 | D:11     | Found a gate leading to a gauntlet.
 15307 | Gauntlet | Entered a Gauntlet
 15307 | Gauntlet | Found a transporter.
 15307 | Gauntlet | Found a transporter.
 15311 | Gauntlet | Found a transporter.
 15311 | Gauntlet | Found a transporter.
 15324 | Gauntlet | Found the -2 hat of the Alchemist {rElec rPois rF+ rC+ rN+
                  | Will+ rMut rCorr}
 15329 | Gauntlet | Reached XP level 12. HP: 43/62 MP: 21/30
 15335 | Gauntlet | Found a transporter.
 15337 | Gauntlet | Found a transporter.
 15395 | Gauntlet | Found a transporter.
 15395 | Gauntlet | Found a transporter.
 15399 | Gauntlet | Found a transporter.
 15399 | Gauntlet | Found a transporter.
 15423 | Gauntlet | Noticed a ghost crab
 15424 | Gauntlet | Identified the +0 helmet "Zatizxido" {-Tele rC+ Stlth+}
 15425 | Gauntlet | Noticed a ghost crab
 15437 | Gauntlet | Found a transporter.
 15456 | Gauntlet | Killed a ghost crab
 15460 | Gauntlet | Identified the ring "Vigosch" {rN+ Str-3 Int+5}
 15470 | Gauntlet | Found a transporter.
 15631 | Gauntlet | Noticed a minotaur
 15644 | Gauntlet | Killed a minotaur
 15645 | Gauntlet | Reached skill level 1 in Evocations
 15749 | D:11     | Learned a level 5 spell: Iskenderun's Battlesphere
 15755 | D:11     | Learned a level 5 spell: Fireball
 16022 | D:11     | Reached skill level 13 in Spellcasting
 16376 | D:11     | Found Buateg's Weapon Emporium.
 16529 | D:12     | Noticed a two-headed ogre
 16541 | D:12     | Killed a two-headed ogre
 16542 | D:12     | Reached skill level 1 in Armour
 16725 | D:12     | Learned a level 5 spell: Borgnjor's Vile Clutch
 16927 | D:12     | Reached skill level 1 in Necromancy
 17065 | D:12     | Identified the +5 plate armour of Ignis's Delight {rC+}
 17396 | D:13     | Noticed a centaur warrior
 17396 | D:13     | Found Egos's Jewellery Shoppe.
 17498 | D:13     | Killed a centaur warrior
 17505 | D:13     | Bought the ring of Wagecis {rF+ Str+2 Int+4 Dex-2 Stlth+}
                  | for 561 gold pieces
 17590 | D:13     | Reached skill level 14 in Spellcasting
 17694 | D:13     | Gained mutation: You are frail. (-10% HP) [a neqoxec]
 17697 | D:13     | Lost mutation: You are frail. (-10% HP) [potion of
                  | mutation]
 17697 | D:13     | Gained mutation: You possess an exceptional clarity of
                  | mind. [potion of mutation]
 17697 | D:13     | Gained mutation: You are robust. (+10% HP) [potion of
                  | mutation]
 18064 | D:13     | Reached skill level 5 in Necromancy
 18148 | D:13     | Reached XP level 13. HP: 74/74 MP: 26/33
 18359 | D:13     | Found Siteace's General Store.
 18862 | D:13     | Offered knowledge of Lee's Rapid Deconstruction by Vehumet.
 18896 | D:13     | Found a gate to the Vaults.
 19513 | Lair:1   | Entered Level 1 of the Lair of Beasts
 19513 | Lair:1   | Noticed Urug
 19518 | Lair:1   | Killed Urug
 19519 | Lair:1   | Reached skill level 5 in Fighting
 19948 | Lair:1   | Noticed Fannar
 19954 | Lair:1   | Killed Fannar
 20482 | Lair:2   | Found a staircase to the Swamp.
 20871 | Lair:2   | Found a broken altar of Ashenzari.
 21586 | Lair:4   | Noticed Josephine
 21603 | Lair:2   | Reached skill level 10 in Necromancy
 21976 | Lair:3   | Found a staircase to the Snake Pit.
 22507 | Lair:3   | Reached skill level 10 in Earth Magic
 22557 | Lair:3   | Noticed a dire elephant
 22577 | Lair:3   | Found a runed translucent door.
 22608 | Lair:3   | Reached XP level 14. HP: 85/85 MP: 8/34
 22769 | Lair:3   | Learned a level 5 spell: Lee's Rapid Deconstruction
 23689 | Lair:4   | Killed Josephine
 25562 | Lair:5   | Found a staircase to the Slime Pits.
 25580 | Lair:5   | Offered knowledge of Irradiate by Vehumet.
 26051 | Lair:6   | Entered Level 6 of the Lair of Beasts
 28550 | Lair:6   | Reached skill level 15 in Spellcasting
 28772 | Lair:6   | Reached XP level 15. HP: 90/90 MP: 12/36
 29967 | Orc:1    | Entered Level 1 of the Orcish Mines
 30156 | Orc:1    | Offered knowledge of Yara's Violent Unravelling by Vehumet.
 30771 | Orc:1    | Identified the +1 robe of Vycaad {Will++}
 30780 | Orc:1    | Reached skill level 16 in Spellcasting
 30790 | Orc:1    | Learned a level 5 spell: Yara's Violent Unravelling
 30877 | Orc:2    | Entered Level 2 of the Orcish Mines
 30877 | Orc:2    | Noticed Sonja
 30877 | Orc:2    | Found a staircase to the Elven Halls.
 30885 | Orc:2    | Killed Sonja
 30897 | Orc:2    | Noticed Maurice
 30908 | Orc:2    | Killed Maurice
 31996 | Orc:2    | Found Rim Cywn's General Store.
 32154 | Orc:2    | Found Xommulepn's Antique Weapon Boutique.
 32162 | Orc:2    | Found Boritimp's Antique Armour Boutique.
 32185 | Orc:2    | Found Potuen's Distillery.
 32193 | Orc:2    | Bought a potion of haste for 160 gold pieces
 32193 | Orc:2    | Bought a potion of curing for 48 gold pieces
 32193 | Orc:2    | Bought a potion of curing for 48 gold pieces
 32193 | Orc:2    | Bought a potion of haste for 160 gold pieces
 32320 | Orc:2    | Found a runed translucent door.
 32321 | Orc:2    | Found a shimmering altar of Xom.
 32321 | Orc:2    | Noticed MashaM's ghost (journeyman MiFi)
 32366 | Orc:2    | Killed MashaM's ghost
 32636 | Swamp:1  | Entered Level 1 of the Swamp
 32656 | Swamp:1  | Reached skill level 5 in Dodging
 32669 | Swamp:1  | Reached ****** piety under Vehumet
 32669 | Swamp:1  | Offered knowledge of Freezing Cloud by Vehumet.
 33383 | Swamp:1  | Identified Roxanne's Volume of Clay
 33383 | Swamp:1  | Noticed Roxanne
 33667 | Swamp:1  | Killed Roxanne
 34099 | Swamp:1  | Found a sparkling altar of Nemelex Xobeh.
 34103 | Swamp:1  | Reached skill level 5 in Shields
 34401 | Swamp:2  | Noticed Nikola
 34622 | Swamp:1  | Killed Nikola
 34907 | Swamp:2  | Identified the +2 rapier of Animal Spirits {pain, Str+3}
 35288 | Swamp:3  | Mangled by a swamp dragon

Illustrated notes

Levels and vault maps discovered:
D:1:      wheals_arrival_shading, layout_basic
D:2:      kennysheep_big_flooded_room, layout_basic,
          dreamdust_ecumenical_altar_grove, basic_altar
D:3:      layout_loops_cross
D:4:      minmay_door_path, layout_basic, minmay_temple_entry_grid,
          nicolae_shop_gadgets
D:5:      layout_gridville, gup_sewer_entry_bowl, uniq_grinder, uniq_duvessa,
          uniq_ijyb, uniq_eustachio
D:6:      layout_loops_ring, uniq_maggie, uniq_menkaure
D:7:      layout_cave_pods, lightli_ossuary_entry_decrepit_ruins,
          kennysheep_generic_room_4
D:8:      layout_basic
D:9:      layout_stronghold, due_lair_maze_entry_diamond, serial_bayou_pond_d,
          kennysheep_flooded_box
D:10:     layout_roguey [special_room_bee], nemelex_spade_bored_becter,
          kennysheep_orc_monster_closet_entryway, enter_bailey_3, serial_shops,
          shop, uniq_grum
D:11:     layout_small_grid, serial_shops, nicolae_shop_bloodbath_and_beyond,
          gauntlet_entry_generic
D:12:     layout_roguey, kennysheep_generic_room_8
D:13:     minmay_wizard_corner, layout_irregular_city, erik_vaults_1,
          serial_shops, shop, shop, small_statue_intersection,
          minmay_misc_feat_tower
Temple:   mainiacjoe_temple_archimedes_tessellation
Lair:1:   layout_regular_city, grunt_megastairs_3, uniq_urug, uniq_fannar
Lair:2:   layout_chaotic_city, swamp_mist, basic_altar
Lair:3:   gammafunk_lair_enchanted_lake, layout_regular_city, dummy_snake_entry,
          grunt_megastairs_4, infiniplex_staircase_pool_2
Lair:4:   layout_cave_pods, forest_entry_grove, uniq_josephine
Lair:5:   layout_regular_city, minmay_slime_entry_jelly_boxes
Lair:6:   due_jungle_book, layout_layer_cave, minmay_lair_drake_nest
Swamp:1:  layout_basic_swamp, lemuel_altar_in_water, uniq_roxanne
Swamp:2:  layout_falls_marsh, evilmike_swamp_ruin_rubble_1, uniq_nikola
Swamp:3:  layout_falls_marsh, hangedman_swamp_ruin_hall
Orc:1:    layout_diamond_mine, hangedman_minor_magic
Orc:2:    st_orc_elflike, layout_caves, ebering_ghost_xom, mines2_david,
          uniq_sonja, uniq_maurice

Skill      XL: |  1  2  3  4  5  6  7  8  9 10 11 12 13 14 15 |
---------------+----------------------------------------------+-----
Spellcasting   | 4 5 6 7 9 11 12 14 15 16 | 16.8
Conjurations   | 5 6 7 8 10 | 10.1
Translocations | 2 3 6 |  6.4
Dodging        | 4 6 |  6.4
Crossbows      | 2 |  2.2
Fighting       | 2 5 6 |  6.3
Hexes          | 5 6 |  6.4
Fire Magic     | 4 5 6 9 |  9.5
Earth Magic    | 8 10 12 | 12.8
Stealth        | 5 8 |  8.8
Shields        | 4 5 |  5.0
Transmutations | 3 4 |  4.5
Poison Magic   | 3 4 |  4.5
Evocations     | 4 |  4.0
Armour         | 2 |  2.8
Necromancy     | 5 10 13 | 13.7

Action                   |  1- 3 |  4- 6 |  7- 9 | 10-12 | 13-15 || total
-------------------------+-------+-------+-------+-------+-------++-------
Melee: Dagger            |       |       |     1 |       |       ||     1
       Hand crossbow     |       |       |       |     1 |       ||     1
 Fire: Hand crossbow     |       |       |    98 |    86 |    57 ||   241
 Cast: Magic Dart        |    76 |    33 |    80 |    63 |   361 ||   613
       Searing Ray       |     4 |    17 |    68 |    64 |     6 ||   159
       Blink             |       |       |     3 |    10 |    30 ||    43
       Stone Arrow       |       |       |       |   169 |   380 ||   549
       Inner Flame       |       |       |       |     4 |     8 ||    12
       Iskenderun's Batt |       |       |       |    22 |   119 ||   141
       Flame Wave        |       |       |       |     8 |     6 ||    14
       Fireball          |       |       |       |       |    56 ||    56
       Borgnjor's Vile C |       |       |       |       |    31 ||    31
Evoke: Wand              |       |       |       |       |    21 ||    21
  Use: Scroll            |     6 |     7 |     8 |     7 |    11 ||    39
       Potion            |       |       |       |     5 |     3 ||     8
 Stab: Sleeping          |       |       |     1 |       |       ||     1
Armor: Robe              |     2 |     8 |    33 |    48 |       ||    91
       Troll leather arm |       |       |       |     9 |   143 ||   152
Dodge: Dodged            |     6 |    11 |   105 |   101 |   125 ||   348
Block: Kite shield       |       |       |       |    69 |   167 ||   236

Table legend: (Time is in decaauts)
 A = Elapsed time spent in this place.
 B = Non-inter-level travel time spent in this place.
 C = Inter-level travel time spent in this place.
 D = Time resting spent in this place.
 E = Time spent auto-exploring this place.
 F = Levels seen in this place.
 G = Mean time per level.
                   A        B        C        D        E       F      G
               +--------+--------+--------+--------+--------+-----+--------+
         Total |  35640 |  34570 |   1070 |   9546 |  19710 |  28 | 1272.9 |
       Dungeon |  17655 |  17102 |    553 |   4842 |   9784 |  13 | 1358.1 |
        Temple |    225 |    185 |     40 |      0 |    164 |   1 |  225.0 |
          Lair |  10549 |  10200 |    349 |   2522 |   6358 |   6 | 1758.2 |
         Swamp |   2757 |   2709 |     48 |   1150 |   1171 |   3 |  919.0 |
  Orcish Mines |   2587 |   2509 |     78 |    352 |   1637 |   2 | 1293.5 |
         Sewer |    978 |    978 |      0 |    388 |    444 |   1 |  978.0 |
        Bailey |    448 |    448 |      0 |     87 |    150 |   1 |  448.0 |
      Gauntlet |    437 |    437 |      0 |    205 |      0 |   1 |  437.0 |
               +--------+--------+--------+--------+--------+-----+--------+

Top non-repeatable levels by time:
  Lair:6: 3420 daAuts
     D:9: 2225 daAuts
 Swamp:1: 2189 daAuts
    D:10: 1928 daAuts
    D:13: 1871 daAuts
  Lair:3: 1828 daAuts
     D:7: 1811 daAuts
  Lair:5: 1626 daAuts
     D:6: 1576 daAuts
  Lair:4: 1542 daAuts
   Orc:2: 1318 daAuts
     D:8: 1270 daAuts
   Orc:1: 1268 daAuts
     D:4: 1218 daAuts
  Lair:2: 1195 daAuts
